 Dungeon Crawl Stone Soup version 0.31-a0-1002-g8e65716e6e (webtiles) character file.

Game seed: 1361402450897256034

39391 Malachi the Mimic (level 13, -3/164 HPs)
             Began as a Troll Shapeshifter on Nov 9, 2023.
             Was an Initiate of Gozag.
             Slain by a red ugly thing (13 damage)
             ... on level 14 of the Dungeon on Nov 10, 2023.
             The game lasted 00:26:26 (14971 turns).

Malachi the Mimic (Troll Shapeshifter)             Turns: 14971, Time: 00:26:27

Health: -3/164     AC:  7    Str: 34    XL:     13   Next: 69%
Magic:  12/12      EV:  9    Int:  6    God:    Gozag
Gold:   4578       SH:  0    Dex:  9    Spells: 12/12 levels left

rFire   . .          .
                       - Unarmed
rCold   . . .        (shield currently unavailable)
rNeg    . . .        I - melded +1 steam dragon scales
rPois   .            C - melded +1 hat of the Sixty-Six Prophets {rPois rCorr Dex+3}
rElec   .            u - melded +0 cloak
rCorr   .            (gloves unavailable)
SInv    .            (boots unavailable)
Will    .....        L - amulet of regeneration
Stlth   +            w - +4 ring of slaying
HPRegen 2.07/turn    v - +4 ring of protection
MPRegen 0.13/turn

%: no passive effects
@: snake-form, corroded, gold aura
A: constrict, boosted hp, large, unfitting armour, (claws 3), regeneration 1,
(shaggy fur 1), (tough skin 1)
a: Begin Untransformation, Renounce Religion, Potion Petition, Call Merchant,
Bribe Branch


You were on level 14 of the Dungeon.
You worshipped Gozag.
Gozag was most pleased with you.
You were an enormous anaconda.
You visited 2 branches of the dungeon, and saw 15 of its levels.
You also visited: Sewer and Gauntlet.

You collected 5152 gold pieces.
You spent 574 gold pieces at shops.

Inventory:

Missiles
 n - a throwing net
 p - 4 curare-tipped darts
Armour
 u - a +0 cloak (melded)
 C - the +1 hat of the Sixty-Six Prophets (melded) {rPois rCorr Dex+3}
   (You acquired it on level 13 of the Dungeon)

   Dex+3:     It affects your dexterity (+3).
   rPois:     It protects you from poison rCorr: It protects you from acid and
   corrosion.
 I - +1 steam dragon scales (melded)
Magical Staves
 E - the staff "Toint" {Drain +Blink rElec rC+ Ice Poison}
   (You found it in a Gauntlet)

   [staff of cold]

   Base accuracy: +5 Base damage: 5 Base attack delay: 1.2 This weapon's minimum
   attack delay (0.6) is reached at skill level 12.
   rC+:       It protects you from cold.
   rElec:     It insulates you from electricity.
   +Blink:    It lets you blink.
   Drain:     It drains your maximum health when unequipped.
   Ice:       It increases the power of your Ice spells.
   Poison:    It increases the power of your Poison spells.
   It falls into the 'Staves' category.
   It is a one-clawed weapon.
Jewellery
 e - a ring of poison resistance
 v - a +4 ring of protection (right hand)
 w - a +4 ring of slaying (left hand)
 x - a ring of willpower
 y - an amulet of reflection
 G - a ring of flight
 L - an amulet of regeneration (around neck)
Talismans
 c - a beast talisman
 d - a flux talisman
 F - a serpent talisman (active)
Wands
 r - a wand of acid (12)
 A - a wand of polymorph (13)
 D - a wand of flame (19)
 H - a wand of mindburst (14)
 J - a wand of charming (3)
Scrolls
 f - 8 scrolls of teleportation
 l - 4 scrolls of immolation
 m - 3 scrolls of poison
 s - a scroll of fear
 t - 5 scrolls of revelation
 B - a scroll of blinking
 N - a scroll of amnesia
 O - 2 scrolls of identify
 Q - 2 scrolls of enchant weapon
Potions
 a - 2 potions of attraction
 b - 3 potions of lignification
 h - 6 potions of might
 i - 3 potions of curing
 j - a potion of mutation
 k - a potion of resistance
 o - 3 potions of enlightenment
 q - 2 potions of cancellation
 z - 4 potions of haste
 K - a potion of brilliance {unknown}
 M - 2 potions of degeneration {unknown}
 P - a potion of berserk rage {unknown}
Miscellaneous
 g - a lightning rod (4/4)


   Skills:
 + Level 11.3 Fighting
 - Level 1.5 Dodging
 + Level 13.5 Unarmed Combat
 + Level 14.2 Shapeshifting


You had 12 spell levels left.
You didn't know any spells.
Your spell library contained the following spells:

 Spells                   Type           Power      Damage    Failure   Level
 Magic Dart               Conj           0%         1d3       45%         1
 Blink                    Tloc           0%         N/A       58%         2
 Call Imp                 Summ           0%         N/A       58%         2
 Lesser Beckoning         Tloc           0%         N/A       58%         2
 Momentum Strike          Conj/Tloc      0%         3d8       58%         2
 Call Canine Familiar     Summ           0%         N/A       83%         3
 Gell's Gravitas          Tloc           0%         N/A       83%         3
 Inner Flame              Hex/Fire       0%         N/A       83%         3
 Mephitic Cloud           Conj/Pois/Air  0%         N/A       83%         3
 Sigil of Binding         Hex            0%         N/A       83%         3
 Teleport Other           Tloc           0%         N/A       83%         3
 Tukima's Dance           Hex            0%         N/A       83%         3
 Volatile Blastmotes      Fire/Tloc      0%         2d10      83%         3
 Dimensional Bullseye     Hex/Tloc       0%         N/A       99%         4
 Flame Wave               Conj/Fire      0%         2d4       99%         4
 Fulminant Prism          Conj/Hex       0%         3d5       99%         4
 Iskenderun's Mystic Bla  Conj/Tloc      0%         2d3       99%         4
 Leda's Liquefaction      Hex/Erth       0%         N/A       99%         4
 Passage of Golubria      Tloc           0%         N/A       99%         4
 Sticky Flame             Conj/Fire      0%         2d3       99%         4
 Yara's Violent Unravell  Hex/Tmut       0%         3d3       100%        5


Dungeon Overview and Level Annotations

Branches:
Dungeon (14/15)            Temple (0/1) D:4            Lair (1/5) D:10
    Orc (0/2) D:12         Vaults (0/5) D:14          Sewer (visited)
Gauntlet (visited)

Altars:
Cheibriados
Dithmenos
Gozag
Qazlal
Ru
Sif Muna
Zin
The Shining One

Shops:
D:3 *   D:6 *   D:9 [(??


Innate Abilities, Weirdness & Mutations

You are an enormous anaconda.
You have a powerful constriction melee attack.
Your maximum health is increased.
Your armour is entirely melded.
You are incapable of wielding weapons or throwing items.
You are too large for most types of armour.
((You have claws for hands.))
Your natural rate of healing is unusually fast.
((You are covered in fur. (AC +1)))
((You have tough skin. (AC +1)))


Message History

You feel sick.
The brown ugly thing is no longer distracted by gold.
You feel sick.
A cyan ugly thing comes into view.
You see here 3 gold pieces.
You feel sick. The red ugly thing tail-slaps you!
You are engulfed in flames!
You body-slam the red ugly thing!!
Your grab misses the red ugly thing.
The red ugly thing is heavily wounded.
You feel sick.
You feel sick.
The cyan ugly thing claws you but does no damage.
The cyan ugly thing pecks you. The cyan ugly thing shocks you!
The red ugly thing tail-slaps you!
You are engulfed in flames!!
The brown ugly thing basks in the mutagenic energy from its kin and changes!
You see here 13 gold pieces.
You lash the cyan ugly thing! Your grab misses the cyan ugly thing.
The cyan ugly thing is lightly wounded.
The cyan ugly thing claws you but does no damage.
The cyan ugly thing barely misses you. The red ugly thing closely misses you.
You barely miss the cyan ugly thing. Your grab misses the cyan ugly thing.
The cyan ugly thing is lightly wounded.
You feel sick.
You are no longer poisoned.
The cyan ugly thing barely misses you. The cyan ugly thing claws you.
* * * LOW HITPOINT WARNING * * *
The cyan ugly thing shocks you!
* * * LOW HITPOINT WARNING * * *
The red ugly thing tail-slaps you!
* * * LOW HITPOINT WARNING * * *
You are engulfed in flames!
* * * LOW HITPOINT WARNING * * *
Okay, then.
As you read the scroll of fear, it crumbles to dust.
You assume a fearsome visage.
The red ugly thing resists with some effort.
The cyan ugly thing looks frightened! x3; The red ugly thing tail-slaps you.
* * * LOW HITPOINT WARNING * * *
You are engulfed in flames!
You die...
Your body crumbles into a pile of gold.

*,*,**,*#######$##.#....###.....
*,*,,,,,#...Y#.$...#....###.....
*,*,****#.!..##.####....###.....
**,*,**,*#..pc##.##.#............
,,,*,,,,,'..QB#.....####..[..####
,,,****,*#######.##.#.....#.....#
,,,*,**,*#.##.##$##.#..........<.
,,,*,,,,,..#...u..u.#....^.......
,,,*,**,*#.##.##S##.#............
,,,*,**,**,*#,*#.#*,#............
,,,*,,,,*,,,,,,uu.,,#............
,,,*,*******#########............
,,,,,,** #....##..............
,,,,,,,* #..####..............
,,,,,,,* ###..# ##'###########.#
,,,,,,,* ##....# #...........)###
,,,,,,,* #..#..# #..#.........#


You could see 4 ugly things.

Vanquished Creatures
  A minotaur (Gauntlet)
  A hydra (D:13)
  A catoblepas (D:12)
  2 centaur warriors
  An ogre mage (D:14)
  5 two-headed ogres
  3 boulder beetles
  9 skeletal warriors
  Lodul (D:14)
  A deep elf archer (D:14)
  Pikel (D:8)
  An orc knight (D:14)
  14 ugly things
  2 deep elf pyromancers (D:14)
  6 cyclopes
  3 manticores
  Joseph (D:8)
  4 centaur skeletons (D:14)
  A cane toad (shapeshifter) (D:13)
  Maggie (D:8)
  A freezing wraith (D:14)
  A gargoyle (D:13)
  An unseen horror (D:10)
  A tengu conjurer (D:14)
  3 trolls
  A troll (shapeshifter) (D:14)
  Prince Ribbit (D:8)
  A queen bee (Gauntlet)
  Grinder (D:5)
  8 flying skulls (Gauntlet)
  2 slime creatures (D:12)
  2 wyverns (D:8)
  3 vampires
  3 yaks (D:9)
  A shadow (D:11)
  2 wraiths
  2 steam dragons
  3 vampire mosquitoes
  2 swamp worms (Gauntlet)
  4 acid dragons
  3 water moccasins
  A black bear (D:5)
  4 orc warriors
  A sky beast (D:6)
  An ice beast (D:6)
  An ice beast (shapeshifter) (D:14)
  10 ogres
  8 centaurs
  A lemure (D:8)
  2 phantoms (D:4)
  2 kobold brigands
  4 bullfrogs
  2 scorpions
  14 wights
  13 killer bees
  3 howler monkeys
  A jelly (D:6)
  2 hounds
  Crazy Yiuf (D:3)
  13 orc priests
  5 iguanas
  9 orc wizards
  4 gnolls (D:4)
  A river rat (Sewer)
  12 adders
  4 shadow imps
  8 white imps
  4 ufetubi (D:7)
  4 worms (D:2)
  2 dart slugs
  31 orcs
  7 ball pythons
  8 endoplasms
  3 giant cockroaches
  5 goblins
  5 hobgoblins
  6 jackals
  13 kobolds
  5 quokkas
  5 bats
  5 frilled lizards
  8 rats
343 creatures vanquished.

Notes
Turn   | Place    | Note
-------+----------+-------------------------------------------
     0 | D:1      | Malachi the Troll Shapeshifter began the quest for the Orb.
     0 | D:1      | Reached XP level 1. HP: 18/18 MP: 0/0
   115 | D:1      | Reached skill level 1 in Fighting
   117 | D:1      | Reached XP level 2. HP: 27/27 MP: 1/1
   457 | D:2      | Reached XP level 3. HP: 28/33 MP: 2/2
   531 | D:2      | Found a faded altar of an unknown god.
   544 | D:2      | Prayed at the altar of an unknown god.
   544 | D:2      | Became a worshipper of Gozag Ym Sagoz the Greedy
   704 | D:2      | Reached XP level 4. HP: 41/41 MP: 3/3
   810 | D:2      | Reached skill level 4 in Shapeshifting
  1092 | D:2      | Found a sacrificial altar of Ru.
  1331 | D:3      | Found a glowing drain.
  1342 | Sewer    | Entered a sewer
  1490 | Sewer    | Reached XP level 5. HP: 47/49 MP: 4/4
  1721 | D:3      | Found Revarou's General Store.
  1727 | D:3      | Bought a potion of curing for 42 gold pieces
  1727 | D:3      | Bought a scroll of poison for 56 gold pieces
  2038 | D:3      | Found a runed translucent door.
  2039 | D:3      | Noticed Crazy Yiuf
  2441 | D:3      | Killed Crazy Yiuf
  2583 | D:4      | Reached skill level 5 in Shapeshifting
  2583 | D:4      | Reached XP level 6. HP: 32/59 MP: 5/5
  2932 | D:4      | Found a staircase to the Ecumenical Temple.
  2940 | D:4      | Reached XP level 7. HP: 67/67 MP: 6/6
  3453 | D:5      | Entered Level 5 of the Dungeon
  3478 | D:5      | Reached skill level 5 in Unarmed Combat
  3478 | D:5      | Reached skill level 6 in Shapeshifting
  3686 | D:5      | Reached XP level 8. HP: 62/78 MP: 7/7
  3711 | D:5      | Noticed Grinder
  3720 | D:5      | Paralysed by Grinder for 3 turns
  3724 | D:5      | Killed Grinder
  3725 | D:5      | Reached skill level 7 in Shapeshifting
  4002 | D:5      | Found a shadowy altar of Dithmenos.
  4002 | D:5      | Found an opulent altar of Gozag.
  4252 | D:5      | Found a stormy altar of Qazlal.
  5185 | D:6      | Reached skill level 5 in Fighting
  5197 | D:6      | Found Nonlotem's General Store.
  5258 | D:6      | Reached XP level 9. HP: 88/88 MP: 8/8
  5693 | D:7      | Reached skill level 8 in Shapeshifting
  6736 | D:6      | Bought a scroll of fear for 56 gold pieces
  6736 | D:6      | Bought a serpent talisman for 420 gold pieces
  6737 | D:6      | Identified a scroll of acquirement
  6738 | D:6      | Acquired 1014 gold pieces
  6839 | D:8      | Noticed Joseph
  6854 | D:8      | Killed Joseph
  6880 | D:8      | Found a glowing golden altar of the Shining One.
  7117 | D:8      | Reached skill level 9 in Shapeshifting
  7385 | D:8      | Found a glowing silver altar of Zin.
  7417 | D:8      | Noticed Pikel
  7430 | D:8      | Killed Pikel
  7431 | D:8      | Reached XP level 10. HP: 49/98 MP: 9/9
  7651 | D:8      | Found a snail-covered altar of Cheibriados.
  7662 | D:8      | Noticed Maggie
  7673 | D:8      | Killed Maggie
  7717 | D:8      | Noticed a cyclops
  7724 | D:8      | Killed a cyclops
  8079 | D:9      | Found Hate's Magic Scroll Shoppe.
  8136 | D:8      | Reached skill level 10 in Shapeshifting
  8724 | D:9      | Found Miqonue's Antique Armour Shoppe.
  8737 | D:9      | Noticed Prince Ribbit
  8755 | D:9      | Noticed a two-headed ogre
  8761 | D:8      | Killed Prince Ribbit
  8934 | D:8      | Killed a two-headed ogre
  9171 | D:9      | Found Xuttec's Antique Weapon Shop.
  9220 | D:9      | Reached skill level 11 in Shapeshifting
  9419 | D:9      | Found Gilosory's Magic Scroll Shoppe.
  9784 | D:10     | Entered Level 10 of the Dungeon
 10032 | D:10     | Reached XP level 11. HP: 109/109 MP: 10/10
 10080 | D:10     | Found a staircase to the Lair.
 10087 | D:10     | Noticed a two-headed ogre
 10094 | Lair:1   | Entered Level 1 of the Lair of Beasts
 10106 | D:10     | Killed a two-headed ogre
 10562 | D:11     | Noticed a boulder beetle
 10576 | D:11     | Killed a boulder beetle
 10580 | D:11     | Reached skill level 10 in Unarmed Combat
 10633 | D:11     | Noticed a two-headed ogre
 10636 | D:11     | Noticed a skeletal warrior
 10638 | D:11     | Noticed a skeletal warrior
 10639 | D:11     | Killed a two-headed ogre
 10644 | D:11     | Killed a skeletal warrior
 10646 | D:11     | Noticed a skeletal warrior
 10649 | D:11     | Noticed a skeletal warrior
 10652 | D:11     | Killed a skeletal warrior
 10654 | D:11     | Noticed a skeletal warrior
 11070 | D:11     | Noticed a boulder beetle
 11077 | D:11     | Killed a boulder beetle
 11078 | D:11     | Reached skill level 12 in Shapeshifting
 11181 | D:11     | Found a sacrificial altar of Ru.
 11328 | D:11     | Killed a skeletal warrior
 11522 | D:11     | Killed a skeletal warrior
 11678 | D:12     | Reached XP level 12. HP: 115/123 MP: 11/11
 11719 | D:12     | Noticed a catoblepas
 11729 | D:12     | Killed a catoblepas
 11770 | D:12     | Noticed a centaur warrior
 11784 | D:12     | Killed a centaur warrior
 12188 | D:12     | Found a staircase to the Orcish Mines.
 12250 | D:12     | Identified the +10 mace of Qot Uvu {antimagic, rElec Str+5
                  | Int+2 Stlth-}
 12701 | D:13     | Noticed a centaur warrior
 12742 | D:13     | Killed a centaur warrior
 12864 | D:13     | Acquired the +1 hat of the Sixty-Six Prophets {rPois rCorr
                  | Dex+3}
 12926 | D:13     | Reached skill level 13 in Shapeshifting
 12980 | D:13     | Noticed a boulder beetle
 12981 | D:13     | Noticed an eight-headed hydra
 12985 | D:13     | Killed a boulder beetle
 12990 | D:13     | Killed an eight-headed hydra
 12991 | D:13     | Reached skill level 10 in Fighting
 12997 | D:13     | Noticed a two-headed ogre
 13009 | D:13     | Killed a two-headed ogre
 13487 | D:14     | Noticed a two-headed ogre
 13517 | D:14     | Reached XP level 13. HP: 135/135 MP: 12/12
 13649 | D:14     | Found a gate leading to a gauntlet.
 13651 | D:14     | Noticed Lodul
 13694 | D:14     | Killed Lodul
 13732 | Gauntlet | Entered a Gauntlet
 13732 | Gauntlet | Found a transporter.
 13754 | Gauntlet | Found a transporter.
 13760 | Gauntlet | Found a transporter.
 13762 | Gauntlet | Found a transporter.
 13764 | Gauntlet | Found a transporter.
 13797 | Gauntlet | Found a transporter.
 13803 | Gauntlet | Found a transporter.
 13829 | Gauntlet | Found a transporter.
 13838 | Gauntlet | Found a transporter.
 13850 | Gauntlet | Found a transporter.
 13862 | Gauntlet | Found a transporter.
 13862 | Gauntlet | Noticed a quicksilver ooze
 13886 | Gauntlet | Found the +1 cloak of Starlight {*Dazzle EV+4 Stlth--}
 13898 | Gauntlet | Found a transporter.
 13914 | Gauntlet | Found a transporter.
 13934 | Gauntlet | Found a transporter.
 13952 | Gauntlet | Found a transporter.
 13954 | Gauntlet | Found a transporter.
 14029 | Gauntlet | Found a transporter.
 14035 | Gauntlet | Found a transporter.
 14192 | Gauntlet | Identified the staff of True Grit {+Blink rC+ Will+ Ice}
 14280 | Gauntlet | Identified the ring "Feduch" {Ice rPois MP+9 Str-4 Dex+2}
 14366 | Gauntlet | Noticed a minotaur
 14372 | Gauntlet | Killed a minotaur
 14380 | Gauntlet | Identified the staff "Toint" {Drain +Blink rElec rC+ Ice
                  | Poison}
 14701 | D:14     | Reached skill level 14 in Shapeshifting
 14804 | D:14     | Found a gate to the Vaults.
 14825 | D:14     | Found a shimmering blue altar of Sif Muna.
 14971 | D:14     | Slain by a red ugly thing

Illustrated notes

Levels and vault maps discovered:
D:1:      lemuel_arrival_room, layout_rooms
D:2:      layout_loops_ring, basic_altar, ebering_ecumenical_altar_ruins,
          minmay_hedge_maze, kennysheep_generic_room_16
D:3:      layout_loops_ring, portal_sewer_entry_d, serial_shops,
          nicolae_shop_getting_attention, kennysheep_path_1,
          uniq_crazy_yiuf_cottage
D:4:      layout_basic, minmay_temple_entry_fiery
D:5:      layout_basic, nicolae_overflow_two_pavilions, kennysheep_little_box,
          minmay_a_box_with_orc_wizards_in_it, uniq_grinder
D:6:      layout_basic, nicolae_take_the_stairs, kennysheep_generic_room_6
D:7:      layout_layer_cave, serial_demonic, serial_demonic_d, serial_demonic_e,
          serial_demonic_d, serial_demonic_d, serial_demonic_f,
          serial_demonic_g, minivault_1
D:8:      layout_basic, zin_scriptorium, amcnicky_altar_gilded,
          lemuel_doored_altar, nicolae_straight_to_the_point, uniq_maggie,
          uniq_pikel, uniq_joseph
D:9:      layout_cave_pools, serial_shops, shop, nicolae_inconvenience_store,
          shop, shop, uniq_prince_ribbit1
D:10:     layout_big_octagon, lair_entry_dummy, minmay_fractal_squares_5
D:11:     layout_stronghold, nicolae_ru_awakened_eye
D:12:     layout_loops_ring, orc_0_dummy
D:13:     layout_rooms, roderic_nine_men_s_morris, kennysheep_cluttered_room
D:14:     nooodl_glass_maze, layout_rooms,
          hangedman_vaults_entry_quadrant_bands, nicolae_sif_muna_condensation,
          gauntlet_entry_generic, kennysheep_small_spiral, uniq_lodul
Lair:1:   layout_chaotic_city, uniq_erica

Skill      XL: |  1  2  3  4  5  6  7  8  9 10 11 12 13 |
---------------+----------------------------------------+-----
Fighting       | 1 2 3 5 6 7 9 10 11 | 11.3
Shapeshifting  | 4 5 6 7 9 11 12 13 14 | 14.2
Unarmed Combat | 4 5 6 8 9 11 12 13 | 13.5
Dodging        | |  1.5

Action                     |  1- 3 |  4- 6 |  7- 9 | 10-12 | 13-15 || total
---------------------------+-------+-------+-------+-------+-------++-------
  Melee: Unarmed           |    80 |   132 |   258 |   371 |   162 ||  1003
         Punch             |     3 |     5 |     2 |       |       ||    10
         Constrict         |       |       |       |    63 |    34 ||    97
    Use: Scroll            |       |    11 |     5 |    10 |     2 ||    28
         Potion            |       |       |       |     3 |       ||     3
   Stab: Sleeping          |       |     2 |       |       |       ||     2
         Distracted        |       |       |     1 |     1 |     1 ||     3
 Armour: Animal skin       |    43 |    77 |   220 |     3 |       ||   343
         Skin              |       |       |       |   352 |   137 ||   489
         Steam dragon scal |       |       |       |    55 |       ||    55
  Dodge: Dodged            |    49 |    58 |   126 |   169 |    51 ||   453
   Form: Flux              |       |       |     1 |       |       ||     1
         Anaconda          |       |       |       |     3 |       ||     3
         Maw               |       |       |       |     1 |       ||     1
                           |       |       |       |     1 |       ||     1

Table legend: (Time is in decaauts)
 A = Elapsed time spent in this place.
 B = Non-inter-level travel time spent in this place.
 C = Inter-level travel time spent in this place.
 D = Time resting spent in this place.
 E = Time spent auto-exploring this place.
 F = Levels seen in this place.
 G = Mean time per level.
                   A        B        C        D        E       F      G
               +--------+--------+--------+--------+--------+-----+--------+
         Total |  14806 |  14248 |    558 |   1811 |   9149 |  17 |  870.9 |
       Dungeon |  13786 |  13228 |    558 |   1811 |   8885 |  14 |  984.7 |
          Lair |      8 |      8 |      0 |      0 |      0 |   1 |    8.0 |
         Sewer |    276 |    276 |      0 |      0 |    190 |   1 |  276.0 |
      Gauntlet |    735 |    735 |      0 |      0 |     74 |   1 |  735.0 |
               +--------+--------+--------+--------+--------+-----+--------+

Top non-repeatable levels by time:
     D:8: 2149 daAuts
     D:7: 1291 daAuts
     D:6: 1214 daAuts
    D:11: 1040 daAuts
    D:12: 995 daAuts
     D:4: 926 daAuts
     D:3: 921 daAuts
    D:13: 861 daAuts
     D:2: 861 daAuts
     D:5: 848 daAuts
     D:9: 797 daAuts
    D:10: 789 daAuts
Gauntlet: 735 daAuts
    D:14: 642 daAuts
     D:1: 448 daAuts
